 Dungeon Crawl Stone Soup version 0.16-a0-1083-g6a3eec8 (webtiles) character file.

7942 Amnekian the Basher (level 11, -8/115 HPs)
             Began as an Ogre Hunter on Oct 5, 2014.
             Was an Elder of Okawaru.
             Mangled by a blink frog (12 damage)
             ... on level 1 of the Lair of Beasts.
             The game lasted 01:19:15 (14417 turns).

Amnekian the Basher (Ogre Hunter)                  Turns: 14417, Time: 01:19:15

HP  -8/115       AC  4     Str 19      XL: 11   Next: 23%
MP  22/22        EV 11     Int 10      God: Okawaru [****..]
Gold 0           SH  0     Dex 15      Spells:  0 memorised, 10 levels left

rFire  x . .     SeeInvis .     b - +0 giant club
rCold  + . .     Clarity  .     d - +0 animal skin
rNeg   . . .     rCorr    .     (shield restricted)
rPois  .         rRot     .     (helmet restricted)
rElec  .         Spirit   .     O - +0 cloak
SustAb .         Warding  .     (gloves unavailable)
rMut   .         Stasis   .     (boots unavailable)
Gourm  .                        E - amulet of regeneration
MR     ++...                    e - ring of protection from magic
                                B - ring of ice

@: about to teleport, heavily drained, very resistant to hostile enchantments,
unstealthy
A: unfitting armour, agile 1, tough skin 1
a: Heroism, Renounce Religion


You were on level 1 of the Lair of Beasts.
You worshipped Okawaru.
Okawaru was greatly pleased with you.
You were not hungry.

You visited 3 branches of the dungeon, and saw 12 of its levels.

You collected 246 gold pieces.
You spent 246 gold pieces at shops.

Inventory:

Hand weapons
 b - a +0 giant club (weapon)
Missiles
 h - 112 stones (quivered)
 t - 11 tomahawks
 v - 18 poisoned needles
 A - 5 silver tomahawks
 J - 4 large rocks
 M - 2 steel tomahawks
Armour
 d - a +0 animal skin (worn)
 O - a +0 cloak (worn)
Magical devices
 g - a wand of teleportation (2)
 x - a wand of flame (1)
 C - a wand of enslavement (11)
 F - a wand of fire (3)
 Q - a wand of slowing (5)
 T - a wand of cold (3)
 U - a wand of teleportation (2)
 W - a wand of disintegration (11)
 X - a wand of slowing (7)
Comestibles
 a - a royal jelly
 f - 7 meat rations
 q - 6 bread rations
 u - 8 slices of pizza
Scrolls
 m - a scroll of amnesia
 D - 2 scrolls of remove curse
 G - 3 scrolls of magic mapping
 N - 2 scrolls of enchant armour {unknown}
 S - a scroll of fear {unknown}
 Y - 2 scrolls of identify
Jewellery
 e - a ring of protection from magic (right hand)
 B - a ring of ice (left hand)
 E - an amulet of regeneration (around neck)
Potions
 i - 5 potions of restore abilities
 j - a potion of haste
 l - 3 potions of flight
 n - 3 potions of heal wounds
 p - 2 potions of magic
 r - a potion of curing
 w - a potion of might
 z - a potion of invisibility
 K - a potion of berserk rage
 L - a potion of lignification


   Skills:
 - Level 9.0(6.9) Fighting
 * Level 12.8(10.6) Maces & Flails
 - Level 4.3(2.5) Throwing
 - Level 5.1(3.3) Dodging
 - Level 0.7(0.0) Stealth
 - Level 8.1(6.1) Invocations
 - Level 7.1(5.1) Evocations


You had 10 spell levels left.
You didn't know any spells.

Dungeon Overview and Level Annotations

Branches:
Dungeon (10/15)            Temple (1/1) D:6             Orc (0/4) D:10
   Lair (1/8) D:10

Altars:
Ashenzari
Cheibriados
Dithmenos
Elyvilon
Fedhas
Gozag
Kikubaaqudgha
Makhleb
Nemelex Xobeh
Okawaru
Qazlal
Ru
Sif Muna
Trog
Vehumet
Xom
Yredelemnul
Zin
The Shining One

Shops:
D:9 !*[

Annotations:
D:10 exclusion: door, Erica, Maurice


Innate Abilities, Weirdness & Mutations

You are too large for most types of armour.
You have tough skin (AC +1).
You are agile. (Dex +2)


Message History

* * * LOW HITPOINT WARNING * * *
The blink frog barely misses you.
Throwing (i - inventory. (,) - cycle):
c - a throwing net (quivered)
Press: ? - help, Shift-Dir - straight line, f/p - blink frog
Aim: a blink frog (lightly wounded)
You throw a throwing net.
The throwing net completely misses the blink frog.
The blink frog closely misses you.
Read which item? (? for menu, Esc to quit)
Okay, then.
Evoke which item? (* to show all) (? for menu, Esc to quit)
Okay, then.
Press: ? - help, v - describe, . - travel
Here: a blink frog (lightly wounded)
The floor, spattered with blood.
Evoke which item? (* to show all) (? for menu, Esc to quit)
Zapping:
U - a wand of teleportation {zapped: 2}
Press: ? - help, Shift-Dir - straight line, f - you, p - blink frog You feel strangely unstable.
The blink frog hits you!
You die...

#.......# ..........
..#.......###
........>.....
..#......(#.##
##......... ..
P...#.#.#.# .#
P....#..F####.#
....#....+(@......#
.......#...(.(..#.####
............#...###
###......#.P###...#
..................#
..................#
..................#
...............(..#
..................##


You could see a blink frog.

Vanquished Creatures
  A hill giant (D:10)
  The ghost of TAS2012 the Covert, an experienced OpMo of Ru (D:6)
  Joseph (D:7)
  Grinder (D:4)
  Prince Ribbit (D:4)
  A basilisk (D:10)
  The ghost of Foahim the Skirmisher, an average OgFi (D:4)
  2 hogs (D:7)
  2 hungry ghosts
  A yak (D:7)
  A human (D:7)
  A wolf (Lair:1)
  Edmund (D:4)
  A hippogriff (D:8)
  Menkaure (D:4)
  2 porcupines
  2 sky beasts
  4 orc warriors
  A phantom (D:6)
  3 ice beasts
  2 black bears
  2 centaurs (D:9)
  2 ogres
  5 crocodiles
  Sigmund (D:3)
  Duvessa (D:8)
  3 giant frogs
  A cyclops skeleton (D:9)
  2 scorpions
  9 killer bees
  6 crimson imps
  A giant frog zombie (D:8)
  Dowan (D:8)
  8 orc wizards
  A quasit (D:4)
  5 orc priests
  5 hounds
  A giant frog skeleton (D:6)
  An iguana (D:10)
  Natasha (thrice) (D:3)
  10 worker ants
  9 sheep
  Ijyb (D:3)
  An ogre skeleton (D:7)
  Terence (D:3)
  16 gnolls
  A worker ant zombie (D:7)
  10 adders
  4 green rats (D:10)
  2 giant mites
  A worm (D:3)
  2 orc zombies
  2 adder skeletons
  6 giant geckos
  40 orcs
  3 ball pythons
  17 bats
  A bat skeleton (D:5)
  7 giant cockroaches
  13 goblins
  19 hobgoblins
  6 jackals
  3 quokkas
  8 giant newts
  19 kobolds
  A kobold skeleton (D:4)
  15 rats
  3 rat skeletons (D:5)
  A plant (D:1)
311 creatures vanquished.

Vanquished Creatures (collateral kills)
  A killer bee (D:8)
  A gnoll zombie (D:9)
  2 orcs (D:9)
4 creatures vanquished.

Vanquished Creatures (others)
  A plant (D:10)
1 creature vanquished.

Grand Total: 316 creatures vanquished

Notes
Turn   | Place    | Note
--------------------------------------------------------------
     0 | D:1      | Amnekian, the Ogre Hunter, began the quest for the Orb.
     0 | D:1      | Reached XP level 1. HP: 22/22 MP: 1/1
   218 | D:1      | Reached XP level 2. HP: 17/29 MP: 2/2
   750 | D:1      | Reached XP level 3. HP: 33/36 MP: 3/3
  2374 | D:2      | Reached skill level 5 in Maces & Flails
  2374 | D:2      | Reached XP level 4. HP: 44/44 MP: 4/4
  2771 | D:3      | Noticed Ijyb
  2774 | D:3      | Killed Ijyb
  2816 | D:3      | Noticed Terence
  3091 | D:2      | Reached skill level 6 in Maces & Flails
  3283 | D:3      | Noticed Natasha
  3375 | D:3      | Killed Natasha
  3375 | D:3      | Reached XP level 5. HP: 50/50 MP: 5/5
  3476 | D:3      | Noticed Natasha
  3478 | D:3      | Killed Natasha
  3540 | D:3      | Noticed Natasha
  3558 | D:3      | Killed Natasha
  3796 | D:3      | Reached skill level 7 in Maces & Flails
  3895 | D:3      | Noticed Sigmund
  3936 | D:3      | Killed Terence
  4173 | D:3      | Killed Sigmund
  4173 | D:3      | Reached skill level 8 in Maces & Flails
  4173 | D:3      | Reached XP level 6. HP: 59/59 MP: 6/6
  4325 | D:4      | Noticed Foahim's ghost (average OgFi)
  4846 | D:4      | Noticed Grinder
  4874 | D:5      | Entered Level 5 of the Dungeon
  4928 | D:4      | Killed Grinder
  4928 | D:4      | Reached skill level 10 in Maces & Flails
  4928 | D:4      | Reached XP level 7. HP: 34/66 MP: 7/7
  5173 | D:4      | Noticed Menkaure
  5217 | D:5      | Reached skill level 5 in Fighting
  5424 | D:5      | Reached XP level 8. HP: 15/83 MP: 8/8
  7016 | D:3      | HP: 3/84 [adder (2)]
  7594 | D:4      | Killed Foahim's ghost
  7641 | D:4      | Noticed Edmund
  7653 | D:4      | Killed Edmund
  7710 | D:4      | Noticed Prince Ribbit
  8008 | D:6      | Found a staircase to the Ecumenical Temple.
  8014 | Temple   | Entered the Ecumenical Temple
  8109 | Temple   | Became a worshipper of Warmaster Okawaru
  8128 | D:6      | Reached skill level 1 in Evocations
  8297 | D:6      | Reached XP level 9. HP: 95/98 MP: 13/13
  8383 | D:6      | Noticed TAS2012's ghost (experienced OpMo)
  8918 | D:6      | Killed TAS2012's ghost
  8918 | D:6      | Acquired Okawaru's first power
  8918 | D:6      | Reached skill level 5 in Evocations
  9243 | D:7      | Reached skill level 5 in Invocations
  9597 | D:7      | Noticed Joseph
  9616 | D:7      | Killed Joseph
  9616 | D:7      | Reached XP level 10. HP: 44/107 MP: 17/21
 10110 | D:7      | Found a deep blue altar of Sif Muna.
 10708 | D:8      | Noticed Dowan
 10741 | D:8      | Killed Dowan
 10768 | D:8      | Noticed Duvessa
 10789 | D:8      | Killed Duvessa
 11487 | D:4      | Killed Prince Ribbit
 11688 | D:4      | Killed Menkaure
 11823 | D:9      | Found Claix's General Store.
 11838 | D:9      | Found a shattered altar of Ashenzari.
 11859 | D:9      | Found Ozxoelos' Antique Armour Emporium.
 11937 | D:9      | Reached skill level 5 in Dodging
 12211 | D:9      | Gained mutation: You are agile. (Dex +2) [potion of beneficial mutation]
 12274 | D:9      | Found a burning altar of Makhleb.
 12445 | D:9      | Found a sparkling altar of Nemelex Xobeh.
 12469 | D:9      | Found Uwaarr's Distillery.
 12526 | D:9      | Bought a potion of poison for 15 gold pieces
 12526 | D:9      | Bought a potion of lignification for 30 gold pieces
 12526 | D:9      | Bought a potion of heal wounds for 45 gold pieces
 12526 | D:9      | Bought a potion of brilliance for 37 gold pieces
 12526 | D:9      | Bought a potion of invisibility for 82 gold pieces
 12526 | D:9      | Bought a potion of might for 37 gold pieces
 12551 | D:9      | Upgraded the game from 0.16-a0-1065-g6dfd42a to 0.16-a0-1083-g6a3eec8
 12971 | D:10     | Entered Level 10 of the Dungeon
 13284 | D:10     | Reached skill level 11 in Maces & Flails
 13414 | D:10     | Found a staircase to the Orcish Mines.
 13473 | D:10     | Reached XP level 11. HP: 107/115 MP: 22/22
 13562 | D:10     | Noticed a hill giant
 13607 | D:10     | Killed a hill giant
 13607 | D:10     | Reached skill level 12 in Maces & Flails
 13615 | D:10     | Received a gift from Okawaru
 13680 | D:10     | Found a staircase to the Lair.
 13711 | D:10     | Noticed Maurice
 13902 | D:10     | Noticed Erica
 14279 | Lair:1   | Entered Level 1 of the Lair of Beasts
 14412 | Lair:1   | HP: 4/115 [blink frog (18)]
 14417 | Lair:1   | Mangled by a blink frog

Action                   |  1- 3 |  4- 6 |  7- 9 | 10-12 || total
-------------------------+-------+-------+-------+-------++-------
Melee: Club              |   248 |   100 |       |       ||   348
       Mace              |       |    45 |     9 |    15 ||    69
       Giant club        |       |       |   303 |   401 ||   704
 Fire: Blowgun           |       |       |       |    39 ||    39
Throw: Stone             |     7 |       |       |     8 ||    15
       Large rock        |     4 |    26 |    13 |       ||    43
       Tomahawk          |       |    29 |    47 |    55 ||   131
       Throwing net      |       |     2 |       |     4 ||     6
Invok: Heroism           |       |       |     1 |     3 ||     4
Evoke: Wand              |       |       |     5 |    20 ||    25
  Use: Scroll            |       |       |    15 |     6 ||    21
       Potion            |       |       |     1 |     1 ||     2
 Stab: Sleeping          |       |       |     3 |       ||     3
       Distracted        |       |       |       |     2 ||     2
  Eat: Chunk             |     4 |     9 |    14 |    20 ||    47
       Pizza             |       |       |     1 |     1 ||     2
       Royal jelly       |       |       |     1 |       ||     1
       Fruit             |       |       |     1 |       ||     1
       Beef jerky        |       |       |       |     6 ||     6
